 Dungeon Crawl Stone Soup version 0.31-a0-667-g39726597b9 (webtiles) character file.

Game seed: 6111594843154804323

211 qw the Shooter (level 5, -1/33 HPs)
             Began as a Gargoyle Hunter on Sept 2, 2023.
             Slain by an orc wizard
             ... wielding a +0 dagger
              (2 damage)
             ... on level 3 of the Dungeon.
             The game lasted 00:01:58 (1839 turns).

qw the Shooter (Gargoyle Hunter)                    Turns: 1839, Time: 00:01:59

Health: -1/33      AC:  9    Str: 15    XL:     5   Next: 88%
Magic:  5/5        EV: 16    Int:  9    God:
Gold:   1050       SH:  0    Dex: 15    Spells: 4/4 levels left

rFire   . . .        Y - +0 shortbow
rCold   . . .        (shield currently unavailable)
rNeg    + . .        h - +0 ring mail
rPois   inf          (no helmet)
rElec   +            (no cloak)
rCorr   .            (no gloves)
SInv    .            (no boots)
Will    .....        (no amulet)
Stlth   +            c - +5 ring of evasion
HPRegen 0.25/turn    (no ring)
MPRegen 0.09/turn

%: no passive effects
@: no status effects
A: sickness immunity, AC +4, negative energy resistance 1, electricity
resistance, torment resistance 1, petrification resistance
a: no special abilities


You were on level 3 of the Dungeon.
You visited 1 branch of the dungeon, and saw 3 of its levels.

You collected 1050 gold pieces.


Innate Abilities, Weirdness & Mutations

You are immune to sickness and miasma.
Your stone body is resilient. (AC +4)
You are immune to poison.
You resist negative energy. (rN+)
You are resistant to electric shocks. (rElec)
You are resistant to unholy torment.
You are immune to petrification.


   Skills:
 - Level 4.0 Fighting
 + Level 6.0 Ranged Weapons
 - Level 1.0 Armour
 - Level 1.5 Dodging
 - Level 1.1 Stealth


You had 4 spell levels left.
You didn't know any spells.
Your spell library was empty.

Inventory:

Hand Weapons
 Y - a +0 shortbow (weapon)
Armour
 h - a +0 ring mail (worn)
Jewellery
 c - a +5 ring of evasion (left hand)
Scrolls
 a - 2 scrolls of identify
 e - a scroll of enchant weapon {unknown}
Potions
 b - 2 potions of heal wounds {unknown}
 d - 2 potions of haste {unknown}
 f - a potion of curing {unknown}
 g - a potion of lignification {unknown}
 i - a potion of berserk rage {unknown}

Dungeon Overview and Level Annotations

Branches:
Dungeon (3/15)

Altars:
Gozag


Message History

Deactivating autopickup; reactivate with Ctrl-A.
You feel less confused. The orc hits you but does no damage.
Something hits you.
You shoot an arrow. The arrow closely misses the orc.
The orc barely misses you. Something completely misses you.
You shoot an arrow. The arrow hits the orc.
The orc is almost dead.
The orc closely misses you. Something hits you but does no damage.
You shoot an arrow. The arrow hits the orc!
You kill the orc!
Something hits you but does no damage. The orc barely misses you.
Something hits you.
You shoot an arrow.
The arrow hits the orc but does no damage.
Something hits you but does no damage. The orc hits you but does no damage.
You shoot an arrow.
The arrow hits the orc but does no damage.
The orc hits you but does no damage. Something hits you but does no damage.
You shoot an arrow. The arrow hits the orc.
The orc is lightly wounded.
The orc hits you with a +0 dagger. Something hits you but does no damage.
You shoot an arrow. The arrow barely misses the orc.
The orc hits you but does no damage. Something hits you.
You shoot an arrow. The arrow hits the orc.
The orc is severely wounded.
The orc hits you with a +0 dagger. Something hits you but does no damage.
The orc hits you but does no damage. Something hits you.
You shoot an arrow. The arrow hits the orc.
You kill the orc!
Something hits you but does no damage.
Your Fighting skill increases to level 4!
You shoot an arrow. Something hits you but does no damage.
You shoot an arrow. Something hits you but does no damage.
You shoot an arrow. Something hits you.
You shoot an arrow. Something hits you. x2
You die...

#.#####.# #.##.##
#.......# #.##.#
###..#....#
#.##.# #..####..
.....#
#..#########.####
#.........##.#
#.#######.# #.#
#@# #{)......
#########


There were no monsters in sight!

Vanquished Creatures
  A hound (D:3)
  7 gnolls
  2 adders (D:2)
  3 worms
  2 dart slugs
  6 orcs
  4 endoplasms
  5 giant cockroaches
  9 goblins
  5 hobgoblins
  6 jackals (D:1)
  3 kobolds
  4 quokkas
  5 ball pythons (D:1)
  7 bats
  3 frilled lizards
  5 rats
77 creatures vanquished.

Notes
Turn   | Place    | Note
-------+----------+-------------------------------------------
     0 | D:1      | qw the Gargoyle Hunter began the quest for the Orb.
     0 | D:1      | Reached XP level 1. HP: 12/12 MP: 1/1
     0 | D:1      | 0 ||| qw: Version: 0.3-a-75-g5245507
     0 | D:1      | 0 ||| qw: Game counter: 3
     0 | D:1      | 0 ||| qw: Melee chars always use a shield: true
     0 | D:1      | 0 ||| qw: God list: Okawaru
     0 | D:1      | 0 ||| qw: Allow faded altars: false
     0 | D:1      | 0 ||| qw: Do Orc after clearing Dungeon:15 true
     0 | D:1      | 0 ||| qw: Do second Lair branch before Depths: true
     0 | D:1      | 0 ||| qw: Lair rune preference: random
     0 | D:1      | 0 ||| qw: Goals: Normal
     0 | D:1      | 0 ||| PLANNING D:1-11
    50 | D:1      | Reached XP level 2. HP: 17/17 MP: 2/2
   187 | D:1      | Reached XP level 3. HP: 21/21 MP: 3/3
   244 | D:1      | Reached skill level 5 in Ranged Weapons
   387 | D:1      | 387 ||| UPGRADING to +0 ring mail.
   397 | D:1      | 397 ||| DROPPING +0 leather armour.
   398 | D:1      | 398 ||| READING scroll labelled ATUIWADE MIARO.
   399 | D:1      | 399 ||| READING scroll labelled FOLIPO JIESI.
   400 | D:1      | 400 ||| READING scroll labelled QOTHRIN ZACRE.
   401 | D:1      | 401 ||| READING scroll labelled MICWAOSHRIUCO.
   402 | D:1      | 402 ||| DROPPING scroll of butterflies.
   443 | D:2      | Reached skill level 1 in Armour
   590 | D:2      | Reached skill level 3 in Fighting
   590 | D:2      | Reached XP level 4. HP: 22/28 MP: 4/4
   595 | D:2      | 595 ||| Stepping ~*~*~tactically~*~*~ (retreating).
   819 | D:2      | Reached XP level 5. HP: 32/32 MP: 5/5
  1324 | D:2      | 1324 ||| UPGRADING to +5 ring of evasion.
  1325 | D:2      | 1325 ||| READING scroll labelled NIHOYL ULITH.
  1326 | D:2      | 1326 ||| READING scroll labelled QAIRCH NABELES.
  1326 | D:2      | Identified a scroll of acquirement
  1326 | D:2      | 1326 ||| ACQUIRING 884 gold pieces
  1326 | D:2      | Acquired 884 gold pieces
  1351 | D:3      | 1351 ||| STAIRDANCE
  1379 | D:3      | 1379 ||| Stepping ~*~*~tactically~*~*~ (outnumbered).
  1393 | D:3      | Reached skill level 6 in Ranged Weapons
  1605 | D:3      | Found an opulent altar of Gozag.
  1833 | D:3      | HP: 7/33 [something (3)]
  1834 | D:3      | HP: 3/33 [something (2)]
  1839 | D:3      | HP: 1/33 [something (2)]
  1839 | D:3      | Slain by an orc wizard

Levels and vault maps discovered:
D:1:      ldierk_walled_garden, layout_rooms
D:2:      minmay_recursive_quarters, layout_loops_ring
D:3:      layout_loops_ring, mainiacjoe_overflow_small_starburst,
          grunt_gozag_statues

Skill      XL: |  1  2  3  4  5 |
---------------+----------------+-----
Ranged Weapons | 5 6 |  6.0
Armour         | 1 |  1.0
Fighting       | 3 4 |  4.0
Dodging        | |  1.5
Stealth        | |  1.1

Action                     |  1- 3 |  4- 6 || total
---------------------------+-------+-------++-------
   Fire: Shortbow          |   106 |   169 ||   275
    Use: Scroll            |     4 |     2 ||     6
 Armour: Leather armour    |    12 |       ||    12
         Ring mail         |     3 |    97 ||   100
  Dodge: Dodged            |    24 |    85 ||   109

Table legend:
 A = Non-vault XP
 B = Vault XP
 C = Vault XP percentage of total XP
 D = Non-vault monster count
 E = Vault monster count
 F = Vault count percentage of total count
                 A         B        C        D         E       F
            +---------+---------+-------+---------+---------+-------
      Total |     275 |      27 |   8.9 |      70 |       7 |   9.1
            +---------+---------+-------+---------+---------+-------
        D:1 |      46 |       0 |   0.0 |      28 |       0 |   0.0
        D:2 |     105 |      27 |  20.5 |      23 |       7 |  23.3
        D:3 |     124 |       0 |   0.0 |      19 |       0 |   0.0
            +---------+---------+-------+---------+---------+-------
